 Dungeon Crawl Stone Soup version 0.21.0-25-ge575cb9 (webtiles) character file.

520 troglodite the Charmwright (level 7, -7/46 HPs)
             Began as an Octopode Skald on Jan 24, 2018.
             Was a Follower of Okawaru.
             Mangled by tidbits's ghost (8 damage)
             ... on level 4 of the Dungeon.
             The game lasted 00:10:54 (4514 turns).

troglodite the Charmwright (Octopode Skald)         Turns: 4514, Time: 00:10:55

Health: -7/46      AC:  1    Str: 11    XL:     7   Next: 21%
Magic:  9/11       EV: 14    Int: 16    God:    Okawaru [*.....]
Gold:   210        SH:  0    Dex: 12    Spells: 5/12 levels left

rFire    + . .     SeeInvis .   a - +0 falchion
rCold    x . .     Gourm    .   (no shield)
rNeg     . . .     Faith    .   (helmet restricted)
rPois    .         Spirit   .   (no amulet)
rElec    .         Reflect  .   e - ring of fire
rCorr    .         Harm     .   (no ring)
MR       .....                  (no ring)
Stlth    +++.......             (no ring)
HPRegen  0.15/turn              (no ring)
MPRegen  0.12/turn              (no ring)
                                (no ring)
                                (no ring)

@: no status effects
A: almost no armour, stealthy swim, amphibious, 8 rings, constrict 8, camouflage
1, gelatinous body 1
a: Heroism, Renounce Religion


You were on level 4 of the Dungeon.
You worshipped Okawaru.
Okawaru was aware of your devotion.
You were not hungry.

You visited 1 branch of the dungeon, and saw 4 of its levels.

You collected 210 gold pieces.

Inventory:

Hand Weapons
 a - a +0 falchion (weapon)
Jewellery
 e - a ring of fire (left tentacle)
Wands
 h - a wand of polymorph (6)
Scrolls
 d - 2 scrolls of enchant armour {unknown}
 f - 3 scrolls of remove curse {unknown}
 g - 3 scrolls of identify {unknown}
 k - 3 scrolls of teleportation {unknown}
 l - a scroll of immolation {unknown}
 p - a scroll of fear {unknown}
Potions
 i - 2 potions of curing {unknown}
 j - a potion of lignification {unknown}
 m - 2 potions of flight {unknown}
 n - 2 potions of cancellation {unknown}
 o - a potion of invisibility {unknown}
 q - a potion of resistance {unknown}
Books
 b - a book of Battle

   Spells                             Type                      Level
   a - Infusion                       Charms                       1
   b - Shroud of Golubria             Charms/Translocation         2
   c - Song of Slaying                Charms                       2
   d - Spectral Weapon                Hexes/Charms                 3
   e - Regeneration                   Charms/Necromancy            3
Comestibles
 c - 9 rations


   Skills:
 * Level 3.2 Fighting
 + Level 2.9 Long Blades
 * Level 3.6 Dodging
 + Level 3.8 Stealth
 * Level 3.2 Spellcasting
 * Level 2.0 Hexes
 * Level 4.0 Charms
 * Level 1.7 Necromancy


You had 5 spell levels left.
You knew the following spells:

 Your Spells              Type           Power        Failure   Level  Hunger
a - Infusion              Chrm           ###.         3%          1    None
b - Spectral Weapon       Hex/Chrm       ##......     16%         3    ###....
c - Regeneration          Chrm/Necr      ##........   17%         3    ###....


Dungeon Overview and Level Annotations

Branches:
Dungeon (4/15)
 Temple: D:4-7

Altars:
Dithmenos
Okawaru
Ru
Yredelemnul
Zin

Annotations:
D:2 2 transporters
D:4 tidbits's ghost, weakling GnWz


Innate Abilities, Weirdness & Mutations

You cannot wear most types of armour.
You are very stealthy in the water. (Stealth+)
You are amphibious.
You can wear up to eight rings at the same time.
You can use your tentacles to constrict eight enemies at once.
Your skin changes colour to match your surroundings (Stealth+).
Your rubbery body absorbs attacks. (AC +1, EV +1)


Message History

Tidbits's ghost is lightly damaged.
Your spectral weapon closely misses tidbits's ghost.
Tidbits's ghost barely misses you.
You miss tidbits's ghost. You squeeze tidbits's ghost.
Tidbits's ghost is moderately damaged.
Your spectral weapon hits tidbits's ghost.
Tidbits's ghost hits you. Space bends around you.
You closely miss tidbits's ghost.
Tidbits's ghost is heavily damaged.
Your spectral weapon hits tidbits's ghost but does no damage.
Tidbits's ghost hits you! Space warps horribly around you!
* * * LOW HITPOINT WARNING * * *
Tidbits's ghost closely misses you.
You riposte.
You closely miss tidbits's ghost.
Tidbits's ghost is heavily damaged.
You barely miss tidbits's ghost.
Tidbits's ghost is heavily damaged.
Your spectral weapon hits tidbits's ghost.
Tidbits's ghost hits you!
You die...

# .# ### ####'##
####[# .......
≈≈#.# .......
#≈#.###.......
##..##≈#.........[.
..$!..W@.....(.....
..?....(...........
##..##≈#.....######
#. #≈#.....#
≈≈####.##
########'###
#...(......#
#..........#
#..........#


You could see tidbits's ghost and a friendly spectral falchion.

Vanquished Creatures
  A sky beast (D:3)
  An ogre (D:4)
  A centaur (D:4)
  An orc priest (D:3)
  A jelly (D:3)
  A centaur skeleton (D:4)
  Terence (D:2)
  A worker ant (D:4)
  6 adders
  A shadow imp (D:3)
  2 oozes (D:1)
  2 worms
  A dart slug (D:1)
  4 leopard geckos
  3 orcs (D:3)
  8 bats
  2 giant cockroaches
  9 goblins
  2 hobgoblins
  3 quokkas
  3 frilled lizards
  6 kobolds
  4 rats
64 creatures vanquished.

Notes
Turn   | Place    | Note
-------+----------+-------------------------------------------
     0 | D:1      | troglodite the Octopode Skald began the quest for the Orb.
     0 | D:1      | Reached XP level 1. HP: 14/14 MP: 3/3
    43 | D:1      | Reached XP level 2. HP: 19/19 MP: 5/5
   688 | D:1      | Reached XP level 3. HP: 24/24 MP: 6/6
   699 | D:1      | Learned a level 3 spell: Spectral Weapon
  1196 | D:2      | Noticed Terence
  1211 | D:2      | HP: 1/24 [Terence/short sword (3)]
  1628 | D:2      | Found a transporter.
  1715 | D:2      | Found a transporter.
  1726 | D:2      | Found a basalt altar of Yredelemnul.
  1726 | D:2      | Found a shadowy altar of Dithmenos.
  1876 | D:2      | Reached XP level 4. HP: 20/30 MP: 0/7
  1892 | D:2      | Learned a level 3 spell: Regeneration
  2108 | D:2      | Killed Terence
  2265 | D:2      | Found an iron altar of Okawaru.
  2278 | D:2      | Became a worshipper of Warmaster Okawaru
  2658 | D:3      | Reached skill level 1 in Hexes
  2658 | D:3      | Reached XP level 5. HP: 22/35 MP: 4/8
  3103 | D:3      | Noticed a sky beast
  3112 | D:3      | Killed a sky beast
  3112 | D:3      | Reached * piety under Okawaru
  3112 | D:3      | Reached skill level 1 in Necromancy
  3112 | D:3      | Reached XP level 6. HP: 6/41 MP: 7/10
  3429 | D:3      | Found a sacrificial altar of Ru.
  4093 | D:4      | Reached XP level 7. HP: 44/46 MP: 7/11
  4177 | D:4      | Reached skill level 4 in Charms
  4469 | D:4      | Found a glowing silver altar of Zin.
  4504 | D:4      | Noticed tidbits's ghost (weakling GnWz)
  4513 | D:4      | HP: 1/46 [tidbits's ghost (18)]
  4514 | D:4      | Mangled by tidbits's ghost

Skill      XL: |  1  2  3  4  5  6  7 |
---------------+----------------------+-----
Dodging        | 3 |  3.6
Stealth        | 2 3 |  3.8
Hexes          | 1 2 |  2.0
Spellcasting   | 3 |  3.2
Necromancy     | 1 |  1.7
Fighting       | 3 |  3.2
Charms         | 4 |  4.0
Long Blades    | |  2.9

Action                   |  1- 3 |  4- 6 |  7- 9 || total
-------------------------+-------+-------+-------++-------
Melee: Falchion          |    50 |    77 |    14 ||   141
       Constrict         |    18 |    26 |       ||    44
       Tentacles         |     7 |    20 |     4 ||    31
       Unarmed           |    10 |       |       ||    10
 Cast: Spectral Weapon   |     2 |     7 |     2 ||    11
 Stab: Sleeping          |     7 |     6 |     1 ||    14
  Eat: Chunk             |     3 |     8 |       ||    11
       Ration            |       |       |     1 ||     1
Armor: Skin              |     7 |     5 |       ||    12
Dodge: Dodged            |    53 |    67 |    14 ||   134
       Rpst.: Falchion   |    12 |    15 |     5 ||    32
